[ AOE2 MATCH · #507361253 ]
UnrankedKhmer vs Slavs
Player's team · WIN
Rival team · LOSS
[ REPLAY ANALYSIS · EXTRACTED FROM THE RECORDED GAME ]
Feudal
10:56
Castle
14:08
Imperial
29:56
| APM avg | 31.8 |
| APM peak | 88 |
| eAPM avg | 21.3 |
| Villagers / military | 152 / 125 |
Focus
⚔️ 26.1% · 🌾 73.9%
Knight ×52 · Scorpion ×34 · Battle Elephant ×23 · Trebuchet (Packed) ×7 · Mangonel ×4 · Battering Ram ×3
Feudal
14:41
Castle
19:44
Imperial
34:16
| APM avg | 49.0 |
| APM peak | 100 |
| eAPM avg | 26.5 |
| Villagers / military | 112 / 59 |
Focus
⚔️ 29.7% · 🌾 70.3%
Militia ×30 · Mangonel ×16 · Monk ×5 · Boyar ×5 · Trebuchet (Packed) ×2 · Archer ×1
Match map
Initial resources + every placement click. Lines = walls · curves = elevation contours. ◆ gold · ⬟ stone · ● berries · ✦ relic · ◌ wall gap
Your base· ✓ Closed at 14:08 · 59t walls · 3 gate(s)
CORP_hector_sin_elo's base· ✓ Closed at 19:44 · 1t walls · 2 gate(s)
Smoothed initial terrain · ◌ = detected wall gap · hover for details
Inputs per minute
— jj1471 - - CORP_hector_sin_elo
Build order — jj1471
First 150 of 416 actions detected
| 0:01 | Queue | Villager (Male) |
| 0:02 | Queue | Villager (Male) |
| 0:02 | Queue | Villager (Male) |
| 0:03 | Build | House |
| 0:04 | Build | House |
| 0:51 | Queue | Villager (Male) |
| 1:21 | Queue | Villager (Male) |
| 1:58 | Build | Lumber Camp |
| 1:59 | Queue | Villager (Male) |
| 2:22 | Queue | Villager (Male) |
| 2:32 | Queue | Villager (Male) |
| 3:12 | Queue | Villager (Male) |
| 3:34 | Build | House |
| 3:35 | Build | House |
| 3:37 | Build | House |
| 3:41 | Queue | Villager (Male) |
| 3:46 | Build | House |
| 3:47 | Build | House |
| 3:56 | Queue | Villager (Male) |
| 4:12 | Queue | Villager (Male) |
| 4:40 | Queue | Villager (Male) |
| 4:46 | Build | Mill |
| 5:04 | Queue | Villager (Male) |
| 5:22 | Queue | Villager (Male) |
| 5:22 | Queue | Villager (Male) |
| 5:22 | Queue | Villager (Male) |
| 5:57 | Queue | Villager (Male) |
| 6:26 | Build | Farm |
| 6:27 | Build | Farm |
| 6:49 | Queue | Villager (Male) |
| 6:49 | Queue | Villager (Male) |
| 6:49 | Queue | Villager (Male) |
| 7:42 | Build | Farm |
| 8:03 | Build | Mining Camp |
| 8:06 | Research | Feudal Age |
| 9:18 | Build | Palisade Wall |
| 9:25 | Build | Palisade Wall |
| 9:30 | Build | Palisade Wall |
| 10:12 | Build | Palisade Wall |
| 10:30 | Build | Palisade Wall |
| 10:32 | Build | Palisade Wall |
| 10:50 | Queue | Villager (Male) |
| 10:56 | Age | Feudal Age |
| 11:24 | Build | Palisade Wall |
| 11:28 | Research | Castle Age |
| 11:31 | Build | Palisade Wall |
| 12:06 | Build | Palisade Wall |
| 12:11 | Build | Palisade Wall |
| 12:12 | Build | Palisade Wall |
| 12:13 | Build | Palisade Wall |
| 12:17 | Build | Palisade Wall |
| 12:24 | Research | Double-Bit Axe |
| 12:47 | Build | Palisade Wall |
| 12:53 | Build | Palisade Wall |
| 12:58 | Build | House |
| 13:01 | Build | House |
| 13:21 | Build | House |
| 13:27 | Queue | Villager (Male) |
| 13:37 | Research | Horse Collar |
| 14:08 | Age | Castle Age |
| 14:11 | Build | Siege Workshop |
| 14:17 | Build | Town Center |
| 14:20 | Queue | Villager (Male) |
| 14:27 | Research | Bow Saw |
| 14:46 | Queue | Villager (Male) |
| 15:05 | Queue | Villager (Male) |
| 15:14 | Build | House |
| 15:16 | Build | Palisade Wall |
| 15:22 | Queue | Villager (Male) |
| 15:46 | Queue | Mangonel |
| 15:48 | Queue | Villager (Male) |
| 15:59 | Build | House |
| 16:01 | Build | Palisade Wall |
| 16:16 | Queue | Mangonel |
| 16:18 | Queue | Villager (Male) |
| 16:43 | Queue | Villager (Male) |
| 16:50 | Queue | Villager (Male) |
| 16:52 | Build | Farm |
| 16:54 | Build | Farm |
| 17:00 | Build | Farm |
| 17:05 | Queue | Villager (Male) |
| 17:12 | Build | Farm |
| 17:15 | Build | Farm |
| 17:18 | Build | Farm |
| 17:32 | Build | Farm |
| 17:34 | Build | Farm |
| 17:36 | Queue | Villager (Male) |
| 17:44 | Build | Farm |
| 17:56 | Build | Farm |
| 17:58 | Build | Farm |
| 17:59 | Queue | Villager (Male) |
| 17:59 | Queue | Villager (Male) |
| 18:02 | Build | Farm |
| 18:14 | Queue | Villager (Male) |
| 18:30 | Queue | Villager (Male) |
| 18:30 | Queue | Villager (Male) |
| 18:34 | Build | Monastery |
| 18:36 | Build | Palisade Wall |
| 18:40 | Queue | Villager (Male) |
| 18:40 | Queue | Villager (Male) |
| 18:56 | Queue | Villager (Male) |
| 18:56 | Queue | Villager (Male) |
| 18:56 | Queue | Villager (Male) |
| 19:01 | Queue | Scorpion |
| 19:05 | Queue | Villager (Male) |
| 19:12 | Queue | Scorpion |
| 19:18 | Queue | Villager (Male) |
| 19:27 | Queue | Villager (Male) |
| 19:33 | Build | Town Center |
| 19:36 | Queue | Monk |
| 19:38 | Queue | Villager (Male) |
| 19:45 | Build | Lumber Camp |
| 19:48 | Queue | Villager (Male) |
| 19:56 | Queue | Villager (Male) |
| 20:09 | Queue | Villager (Male) |
| 20:12 | Build | House |
| 20:13 | Build | House |
| 20:17 | Queue | Scorpion |
| 20:18 | Queue | Villager (Male) |
| 20:25 | Queue | Villager (Male) |
| 20:25 | Queue | Villager (Male) |
| 20:40 | Queue | Scorpion |
| 20:42 | Queue | Villager (Male) |
| 20:43 | Queue | Villager (Male) |
| 20:48 | Queue | Villager (Male) |
| 20:57 | Queue | Villager (Male) |
| 21:05 | Build | House |
| 21:06 | Build | House |
| 21:07 | Build | House |
| 21:09 | Build | House |
| 21:17 | Queue | Villager (Male) |
| 21:17 | Queue | Villager (Male) |
| 21:24 | Build | Farm |
| 21:25 | Build | Farm |
| 21:26 | Build | Farm |
| 21:27 | Build | Farm |
| 21:31 | Queue | Villager (Male) |
| 21:38 | Queue | Villager (Male) |
| 21:43 | Queue | Scorpion |
| 21:51 | Build | Farm |
| 21:52 | Build | Farm |
| 21:52 | Build | Farm |
| 21:52 | Build | Farm |
| 21:54 | Queue | Villager (Male) |
| 22:01 | Queue | Villager (Male) |
| 22:07 | Build | House |
| 22:20 | Queue | Villager (Male) |
| 22:20 | Queue | Villager (Male) |
| 22:20 | Queue | Villager (Male) |
| 22:28 | Queue | Villager (Male) |
Build order — CORP_hector_sin_elo
First 150 of 309 actions detected
| 0:02 | Queue | Villager (Male) |
| 0:02 | Queue | Villager (Male) |
| 0:02 | Queue | Villager (Male) |
| 0:05 | Build | House |
| 0:06 | Build | House |
| 0:27 | Queue | Villager (Male) |
| 0:27 | Queue | Villager (Male) |
| 1:33 | Queue | Villager (Male) |
| 1:33 | Queue | Villager (Male) |
| 1:51 | Queue | Villager (Male) |
| 1:52 | Queue | Villager (Male) |
| 2:19 | Queue | Villager (Male) |
| 2:19 | Queue | Villager (Male) |
| 2:47 | Queue | Villager (Male) |
| 2:52 | Queue | Villager (Male) |
| 2:52 | Queue | Villager (Male) |
| 3:34 | Queue | Villager (Male) |
| 3:39 | Build | House |
| 3:56 | Queue | Villager (Male) |
| 3:56 | Queue | Villager (Male) |
| 4:07 | Build | Barracks |
| 4:19 | Queue | Villager (Male) |
| 4:19 | Queue | Villager (Male) |
| 4:44 | Queue | Villager (Male) |
| 4:59 | Queue | Villager (Male) |
| 5:05 | Build | Palisade Wall |
| 5:15 | Queue | Militia |
| 5:20 | Build | Lumber Camp |
| 5:44 | Build | House |
| 5:49 | Queue | Villager (Male) |
| 5:50 | Queue | Militia |
| 6:10 | Queue | Villager (Male) |
| 6:26 | Queue | Militia |
| 6:39 | Queue | Villager (Male) |
| 6:51 | Build | House |
| 7:01 | Queue | Militia |
| 7:19 | Queue | Villager (Male) |
| 7:38 | Queue | Villager (Male) |
| 7:53 | Build | Mill |
| 8:16 | Queue | Villager (Male) |
| 8:42 | Queue | Villager (Male) |
| 9:04 | Queue | Militia |
| 9:11 | Build | Mining Camp |
| 9:33 | Queue | Villager (Male) |
| 10:03 | Queue | Villager (Male) |
| 10:08 | Build | Farm |
| 10:09 | Build | Farm |
| 10:31 | Research | Loom |
| 10:31 | Research | Loom |
| 10:36 | Build | Farm |
| 10:37 | Build | Farm |
| 10:45 | Build | House |
| 10:56 | Queue | Villager (Male) |
| 11:27 | Queue | Villager (Male) |
| 11:51 | Build | Farm |
| 11:52 | Build | Farm |
| 11:55 | Queue | Villager (Male) |
| 12:31 | Research | Feudal Age |
| 12:32 | Research | Feudal Age |
| 12:52 | Build | Farm |
| 12:57 | Build | Mining Camp |
| 13:09 | Build | House |
| 13:39 | Queue | Militia |
| 14:09 | Queue | Villager (Male) |
| 14:41 | Age | Feudal Age |
| 14:44 | Build | Watch Tower |
| 15:03 | Build | Blacksmith |
| 15:08 | Queue | Villager (Male) |
| 15:37 | Queue | Villager (Male) |
| 16:08 | Build | Archery Range |
| 16:11 | Queue | Villager (Male) |
| 16:32 | Build | House |
| 16:47 | Queue | Archer |
| 17:04 | Research | Castle Age |
| 17:04 | Research | Castle Age |
| 17:08 | Build | Mining Camp |
| 17:52 | Research | Fletching |
| 17:59 | Research | Double-Bit Axe |
| 17:59 | Research | Double-Bit Axe |
| 18:48 | Research | Man-at-Arms (upgrade) |
| 18:48 | Research | Man-at-Arms (upgrade) |
| 19:15 | Queue | Villager (Male) |
| 19:34 | Research | Horse Collar |
| 19:44 | Age | Castle Age |
| 19:56 | Research | Long Swordsman (upgrade) |
| 19:56 | Research | Long Swordsman (upgrade) |
| 19:56 | Research | Long Swordsman (upgrade) |
| 20:12 | Build | Farm |
| 20:19 | Queue | Villager (Male) |
| 20:24 | Build | Castle |
| 20:46 | Queue | Villager (Male) |
| 20:49 | Build | Farm |
| 21:05 | Queue | Villager (Male) |
| 21:09 | Build | Town Center |
| 21:15 | Queue | Militia |
| 21:36 | Queue | Villager (Male) |
| 21:40 | Build | Farm |
| 22:00 | Queue | Villager (Male) |
| 22:13 | Queue | Villager (Male) |
| 22:30 | Queue | Villager (Male) |
| 22:45 | Build | Siege Workshop |
| 22:50 | Queue | Villager (Male) |
| 22:51 | Queue | Villager (Male) |
| 23:09 | Queue | Villager (Male) |
| 23:17 | Queue | Mangonel |
| 23:17 | Queue | Mangonel |
| 23:22 | Queue | Villager (Male) |
| 23:34 | Queue | Villager (Male) |
| 23:44 | Queue | Villager (Male) |
| 23:47 | Queue | Mangonel |
| 23:51 | Build | Farm |
| 24:07 | Queue | Villager (Male) |
| 24:12 | Build | Farm |
| 24:21 | Build | Farm |
| 24:22 | Queue | Villager (Male) |
| 24:34 | Build | Farm |
| 24:37 | Build | Farm |
| 24:43 | Queue | Villager (Male) |
| 24:57 | Queue | Villager (Male) |
| 24:58 | Queue | Villager (Male) |
| 25:03 | Queue | Mangonel |
| 25:04 | Queue | Villager (Male) |
| 25:04 | Queue | Villager (Male) |
| 25:30 | Build | Castle |
| 25:36 | Queue | Mangonel |
| 25:37 | Queue | Villager (Male) |
| 25:37 | Queue | Villager (Male) |
| 25:39 | Build | Farm |
| 25:42 | Queue | Militia |
| 25:49 | Build | Farm |
| 25:51 | Build | Farm |
| 25:58 | Build | Farm |
| 26:31 | Queue | Villager (Male) |
| 26:31 | Queue | Villager (Male) |
| 26:56 | Queue | Villager (Male) |
| 26:56 | Queue | Villager (Male) |
| 27:03 | Queue | Villager (Male) |
| 27:04 | Queue | Villager (Male) |
| 27:19 | Queue | Villager (Male) |
| 27:21 | Build | Lumber Camp |
| 27:24 | Build | Farm |
| 27:25 | Build | Farm |
| 27:32 | Build | Farm |
| 27:49 | Queue | Villager (Male) |
| 27:49 | Queue | Villager (Male) |
| 27:53 | Build | Town Center |
| 28:14 | Queue | Villager (Male) |
| 28:15 | Queue | Villager (Male) |
| 28:15 | Queue | Villager (Male) |
| 28:23 | Queue | Mangonel |
Match timeline
| 4:07 | CORP_hector_sin_elo · first_building Barracks |
| 5:05 | CORP_hector_sin_elo · wall_segment Palisade Wall x1 |
| 9:18 | jj1471 · wall_segment Palisade Wall x4 |
| 9:25 | jj1471 · wall_segment Palisade Wall x8 |
| 9:30 | jj1471 · wall_segment Palisade Wall x6 |
| 10:12 | jj1471 · wall_segment Palisade Wall x5 |
| 10:30 | jj1471 · wall_segment Palisade Wall x7 |
| 10:32 | jj1471 · wall_segment Palisade Wall x1 |
| 10:56 | jj1471 · age_up feudal |
| 11:24 | jj1471 · wall_segment Palisade Wall x8 |
| 11:31 | jj1471 · wall_segment Palisade Wall x1 |
| 12:06 | jj1471 · wall_segment Palisade Wall x7 |
| 12:11 | jj1471 · wall_segment Palisade Wall x1 |
| 12:12 | jj1471 · wall_segment Palisade Wall x1 |
| 12:13 | jj1471 · wall_segment Palisade Wall x1 |
| 12:17 | jj1471 · wall_segment Palisade Wall x3 |
| 12:47 | jj1471 · wall_segment Palisade Wall x5 |
| 12:53 | jj1471 · wall_segment Palisade Wall x1 |
| 14:08 | jj1471 · age_up castle |
| 14:11 | jj1471 · first_building Siege Workshop |
| 14:41 | CORP_hector_sin_elo · age_up feudal |
| 15:16 | jj1471 · wall_segment Palisade Wall x7 |
| 16:01 | jj1471 · wall_segment Palisade Wall x1 |
| 16:08 | CORP_hector_sin_elo · first_building Archery Range |
| 18:34 | jj1471 · first_building Monastery |
| 18:36 | jj1471 · wall_segment Palisade Wall x2 |
| 19:44 | CORP_hector_sin_elo · age_up castle |
| 20:24 | CORP_hector_sin_elo · first_building Castle |
| 22:45 | CORP_hector_sin_elo · first_building Siege Workshop |
| 24:40 | jj1471 · wall_segment Stone Wall x5 |
| 24:52 | jj1471 · wall_segment Stone Wall x5 |
| 25:01 | jj1471 · wall_segment Stone Wall x5 |
| 25:15 | jj1471 · first_market_buy 100 stone |
| 25:39 | jj1471 · first_building Castle |
| 26:12 | jj1471 · wall_segment Stone Wall x1 |
| 26:13 | jj1471 · wall_segment Stone Wall x1 |
| 26:32 | jj1471 · first_market_sell 500 wood |
| 28:03 | jj1471 · wall_segment Stone Wall x1 |
| 29:56 | jj1471 · age_up imperial |
| 32:11 | jj1471 · first_building Stable |
| 33:51 | CORP_hector_sin_elo · first_building Monastery |
| 34:16 | CORP_hector_sin_elo · age_up imperial |
| 38:23 | jj1471 · wall_segment Stone Wall x15 |
| 40:07 | jj1471 · wall_segment Stone Wall x11 |
| 43:38 | CORP_hector_sin_elo · resign |
[ AI ANALYSIS · 1 CREDIT ]
What really happened in this match?
Wolo.gg analyzes every decision: build order, eco, micro, common mistakes by bracket. Personalized analysis on WhatsApp or Discord in 30 seconds.
Civ guide
Khmer
Perfil
Jugador #233339